 Dungeon Crawl Stone Soup version 0.18.1-1-g2f07953 (webtiles) character file.

8041 DarthKuruptios the Fighter (level 11, 0/156 HPs)
             Began as a Minotaur Berserker on Apr 28, 2016.
             Was a High Priest of Trog.
             Killed from afar by an electric eel (2 damage)
             ... with a bolt of electricity
             ... on level 10 of the Dungeon on July 28, 2016.
             The game lasted 00:45:28 (9457 turns).

DarthKuruptios the Fighter (Minotaur Berserker)     Turns: 9457, Time: 00:45:30

Health: 0/156      AC: 19    Str: 28    XL:     11   Next: 4%
Magic:  3/3        EV: 10    Int:  6    God:    Trog [*****.]
Gold:   267        SH:  0    Dex: 10    Spells: 0 memorised, 10 levels left

rFire  . . .     SeeInvis .     t - +7 executioner's axe (antimagic)
rCold  . . .     Gourm    .     x - +3 plate armour {MR+}
rNeg   . . .     Faith    .     (shield currently unavailable)
rPois  +         Spirit   .     (helmet restricted)
rElec  .         Dismiss  .     n - +0 cloak {rPois}
rCorr  +         Reflect  .     (no gloves)
SustAt .         Harm     .     (no boots)
MR     +++..                    (no amulet)
Stlth  ..........               b - ring of protection from magic
                                J - ring of Psychosis {rCorr +Fly}

@: berserking, very quick, extremely resistant to hostile enchantments,
extremely unstealthy
A: retaliatory headbutt, horns 2, icy blue scales 1, blurry vision 1, clever 1,
clumsy 1, magic resistance 1, poison resistance
a: Berserk, Trog's Hand, Brothers in Arms, Burn Spellbooks, Renounce Religion,
Evoke Flight


You were on level 10 of the Dungeon.
You worshipped Trog.
Trog was extremely pleased with you.
You were hungry.

You visited 1 branch of the dungeon, and saw 10 of its levels.

You collected 367 gold pieces.
You spent 100 gold pieces at shops.

Inventory:

Hand Weapons
 r - a +1 war axe
 t - a +7 antimagic executioner's axe (weapon)
Missiles
 s - 19 tomahawks (quivered)
Armour
 n - a +0 cloak of poison resistance (worn)
 v - a +0 chain mail
 x - a +3 plate armour of magic resistance (worn)
 y - a +0 buckler
Jewellery
 b - a ring of protection from magic (right hand)
 J - the ring of Psychosis (left hand) {rCorr +Fly}
   (You found it on level 8 of the Dungeon)

   [ring of resist corrosion]

   It lets you fly.
Wands
 B - a wand of digging (10/24)
 G - a wand of flame (35/48)
 H - a wand of random effects (23/48)
 I - a wand of slowing (17/48)
Scrolls
 h - 8 scrolls of teleportation
 j - 2 scrolls of identify
 o - a scroll of recharging
 A - a scroll of fear
 C - 3 scrolls of remove curse
 E - a scroll of fog
Potions
 e - a potion of agility
 g - 6 potions of curing
 i - a potion of invisibility {unknown}
 k - 4 potions of brilliance
 l - 2 potions of cure mutation {unknown}
 m - 2 potions of haste
 p - a potion of might {unknown}
 u - a potion of ambrosia {unknown}
 z - a potion of berserk rage {unknown}
 D - 3 potions of lignification {unknown}
 F - 2 potions of resistance {unknown}
Comestibles
 a - 2 slices of pizza
 c - 4 bread rations
 d - 5 chunks of flesh
 f - 5 meat rations


   Skills:
 * Level 12.2 Fighting
 + Level 9.5 Axes
 + Level 6.5 Throwing
 + Level 8.5 Armour
 + Level 8.0 Dodging
 - Level 0.3 Stealth


You had 10 spell levels left.
You didn't know any spells.

Dungeon Overview and Level Annotations

Branches:
Dungeon (10/15)            Temple (0/1) D:6
   Lair: D:8-11         Orc: D:9-12

Altars:
Ashenzari
Elyvilon
Fedhas
Nemelex Xobeh
Okawaru
Pakellas
Sif Muna
Trog
Xom
Yredelemnul
Zin
The Shining One

Shops:
D:4 [   D:5 ![[*!   D:9 ?

Annotations:
D:5 Get armour.
D:9 Maurice


Innate Abilities, Weirdness & Mutations

You reflexively headbutt those who attack you in melee.
You have a pair of horns on your head.
You are partially covered in icy blue scales (AC +1).
Scrolls take you a little longer to read.
Your mind is acute. (Int +2)
You are clumsy. (Dex -2)
You are resistant to hostile enchantments.
Your system is resistant to poisons.


Message History

Read which item? (? for menu, Esc to quit)
Okay, then.
Drink which item? (? for menu, Esc to quit)
You don't have any such object.
Drink which item? (? for menu, Esc to quit)
You don't have any such object.
Drink which item? (? for menu, Esc to quit)
Okay, then.
Drink which item? (? for menu, Esc to quit)
Okay, then.
Read which item? (? for menu, Esc to quit)
Okay, then.
A red film seems to cover your vision as you go berserk!
You feel yourself moving faster!
You feel mighty!
You feel somewhat more hungry.
The electric eel shoots out a bolt of lightning at you!
The bolt of electricity hits you!
* * * LOW HITPOINT WARNING * * *
The bolt of electricity hits you!
You die...

...# #..............
...## ##................
....###.................
...[....................
........................
..(..................?..
.........)###.....≈≈≈...
.........## ##...≈≈≈≈≈..
..>.>....# #..@;≈≈≈≈..
...>.....## #...≈≈≈≈≈..
..........# #.....≈≈≈...
........................
........................
........................
....###.................
...## ##................
...# ......


You could see an electric eel.

Vanquished Creatures
  The ghost of Kave the Grappler, a novice TrTm of Sif Muna (D:10)
  The ghost of dejaentendu the Envoy of Void, a novice DsAK of Lugonu (D:8)
  A hill giant (D:10)
  The ghost of Kave the Ruffian, a novice TrTm of Sif Muna (D:6)
  Joseph (D:10)
  A gargoyle (D:10)
  The ghost of cheekibreeki the Covert, a novice SpAs (D:5)
  Prince Ribbit (D:7)
  A vampire (D:9)
  5 yaks (D:9)
  A hungry ghost (D:10)
  3 hippogriffs
  Menkaure (D:4)
  2 sky beasts
  A black bear (D:8)
  2 ice beasts
  3 phantoms
  2 centaurs
  5 ogres
  Blork the orc (D:5)
  3 giant frogs
  A gnoll sergeant (D:5)
  2 scorpions
  6 killer bees (D:7)
  An electric eel (D:10)
  2 crimson imps
  2 quasits
  A centaur zombie (D:7)
  2 hounds
  A jelly (D:8)
  Crazy Yiuf (D:4)
  4 orc priests
  A centaur skeleton (D:7)
  3 iguanas
  A giant frog skeleton (D:7)
  8 orc wizards
  10 worker ants
  A hound skeleton (D:7)
  A howler monkey zombie (D:7)
  4 worker ant zombies
  Robin (D:4)
  6 gnolls
  2 howler monkey skeletons
  11 adders
  4 shadow imps
  An ooze (D:5)
  An adder zombie (D:5)
  3 worms
  5 dart slugs
  3 giant geckos
  32 orcs
  A ball python (D:5)
  6 bats
  7 giant cockroaches
  15 goblins
  8 hobgoblins
  16 jackals
  9 kobolds
  5 quokkas
  A giant gecko zombie (D:5)
  4 giant newts
  2 gnoll zombies (D:6)
  A quokka skeleton (D:5)
  A quokka zombie (D:9)
  11 rats
246 creatures vanquished.

Notes
Turn   | Place    | Note
--------------------------------------------------------------
     0 | D:1      | DarthKuruptios the Minotaur Berserker began the quest for the Orb.
     0 | D:1      | Reached XP level 1. HP: 19/19 MP: 0/0
   153 | D:1      | Reached XP level 2. HP: 27/27 MP: 1/1
   431 | D:1      | Reached skill level 4 in Fighting
   712 | D:2      | Reached ** piety under Trog
   712 | D:2      | Reached XP level 3. HP: 32/33 MP: 2/2
   847 | D:2      | Found a shimmering altar of Xom.
   851 | D:2      | Found a shimmering altar of Xom.
   851 | D:2      | Found a shimmering altar of Xom.
   862 | D:2      | Found a shimmering altar of Xom.
   863 | D:2      | Found a shimmering altar of Xom.
   978 | D:2      | Found a shimmering altar of Xom.
   981 | D:2      | Found a shimmering altar of Xom.
   983 | D:2      | Found a shimmering altar of Xom.
  1556 | D:3      | Reached XP level 4. HP: 24/40 MP: 3/3
  1919 | D:3      | Found an iron altar of Okawaru.
  1978 | D:3      | Reached *** piety under Trog
  2208 | D:3      | Found a sparkling altar of Nemelex Xobeh.
  2215 | D:3      | Found an oddly glowing altar of Pakellas.
  2223 | D:3      | Found a deep blue altar of Sif Muna.
  2271 | D:3      | Reached skill level 5 in Fighting
  2271 | D:3      | Reached skill level 5 in Axes
  2271 | D:3      | Reached XP level 5. HP: 36/48 MP: 4/4
  2447 | D:4      | Found Nuthrabycw's Antique Armour Emporium.
  2532 | D:4      | Reached skill level 1 in Throwing
  2580 | D:4      | Noticed Menkaure
  2587 | D:4      | Killed Menkaure
  2587 | D:4      | Reached XP level 6. HP: 57/57 MP: 5/5
  2622 | D:4      | Noticed Robin
  2630 | D:4      | Killed Robin
  2675 | D:4      | Upgraded the game from 0.18-b1 to 0.18.1-1-g2f07953
  2954 | D:4      | Reached skill level 6 in Fighting
  2961 | D:4      | Reached **** piety under Trog
  2969 | D:4      | Reached XP level 7. HP: 30/63 MP: 6/6
  2971 | D:4      | Got a crude trident {pierce}
  3191 | D:4      | Identified the cursed +2 trident of Integrity {pierce, rElec} (You took it off an orc priest on level 4 of the Dungeon)
  3599 | D:4      | Noticed Crazy Yiuf
  3603 | D:4      | Killed Crazy Yiuf
  3634 | D:5      | Entered Level 5 of the Dungeon
  3634 | D:5      | Found Debuju's Antique Armour Boutique.
  3638 | D:5      | Noticed Blork the orc
  3964 | D:5      | Found Odemehu's Distillery.
  3969 | D:5      | Killed Blork the orc
  3969 | D:5      | Reached skill level 7 in Fighting
  3972 | D:5      | Noticed cheekibreeki's ghost (novice SpAs)
  3986 | D:5      | Killed cheekibreeki's ghost
  3986 | D:5      | Reached XP level 8. HP: 73/73 MP: 7/7
  4013 | D:5      | Bought a potion of heal wounds for 50 gold pieces
  4013 | D:5      | Bought a potion of heal wounds for 50 gold pieces
  4034 | D:5      | Found Faryesue's Armour Boutique.
  4132 | D:5      | Reached skill level 5 in Dodging
  4200 | D:5      | Reached skill level 5 in Armour
  4400 | D:5      | Found Zuann's Assorted Antiques.
  4757 | D:5      | Found Qayhan's Distillery.
  4990 | D:6      | Reached skill level 8 in Fighting
  4999 | D:6      | Gained mutation: Scrolls take you a little longer to read. [mutagenic meat]
  5000 | D:6      | Gained mutation: You are partially covered in icy blue scales (AC +1). [mutagenic meat]
  5001 | D:6      | Gained mutation: Your mind is acute. (Int +2) [mutagenic meat]
  5002 | D:6      | Gained mutation: You are clumsy. (Dex -2) [mutagenic meat]
  5003 | D:6      | Gained mutation: Your system is resistant to poisons. [mutagenic meat]
  5004 | D:6      | Gained mutation: You are resistant to hostile enchantments. [mutagenic meat]
  5182 | D:6      | Found a staircase to the Ecumenical Temple.
  5252 | D:6      | Found a basalt altar of Yredelemnul.
  5333 | D:6      | Found a glowing golden altar of the Shining One.
  5389 | D:6      | Noticed Kave's ghost (novice TrTm)
  5401 | D:6      | Killed Kave's ghost
  5550 | D:6      | Reached XP level 9. HP: 71/82 MP: 8/8
  5622 | D:7      | Reached skill level 9 in Fighting
  5630 | D:7      | Noticed Prince Ribbit
  5659 | D:7      | Found a sand-covered staircase.
  5719 | D:7      | Found a bloodstained altar of Trog.
  5867 | D:7      | Reached ***** piety under Trog
  6092 | D:7      | Killed Prince Ribbit
  6585 | D:8      | Got a translucent lead ring
  6599 | D:8      | Identified the ring of Psychosis {rCorr +Fly} (You found it on level 8 of the Dungeon)
  6765 | D:8      | Noticed dejaentendu's ghost (novice DsAK)
  6788 | D:8      | Killed dejaentendu's ghost
  6788 | D:8      | Reached skill level 10 in Fighting
  6788 | D:8      | Reached skill level 5 in Throwing
  7121 | D:8      | Found a white marble altar of Elyvilon.
  7208 | D:8      | Reached XP level 10. HP: 88/94 MP: 9/9
  7266 | D:8      | Found a blossoming altar of Fedhas.
  7957 | D:9      | Noticed an angel
  7958 | D:9      | Found a glowing silver altar of Zin.
  8075 | D:9      | Reached skill level 11 in Fighting
  8258 | D:9      | Received a gift from Trog
  8291 | D:9      | Found Myoffeck's Magic Scroll Shop.
  8392 | D:9      | Found a shattered altar of Ashenzari.
  8472 | D:9      | Noticed Maurice
  8654 | D:10     | Entered Level 10 of the Dungeon
  8748 | D:10     | Received a gift from Trog
  8840 | D:10     | Noticed Kave's ghost (novice TrTm)
  8853 | D:10     | Killed Kave's ghost
  9036 | D:10     | Noticed Joseph
  9050 | D:10     | Killed Joseph
  9175 | D:10     | Noticed a gargoyle
  9180 | D:10     | Killed a gargoyle
  9180 | D:10     | Reached skill level 12 in Fighting
  9316 | D:10     | Noticed a hill giant
  9322 | D:10     | Killed a hill giant
  9322 | D:10     | Reached XP level 11. HP: 104/104 MP: 3/10
  9457 | D:10     | HP: 2/156 [electric eel/bolt of electricity (7)]
  9457 | D:10     | Killed from afar by an electric eel

Skill      XL: |  1  2  3  4  5  6  7  8  9 10 11 |
---------------+----------------------------------+-----
Axes           | 4 5 6 7 8 9 |  9.5
Fighting       | 4 5 6 7 8 10 12 | 12.2
Dodging        | 3 4 5 6 7 8 |  8.0
Armour         | 3 4 5 7 8 |  8.5
Throwing       | 1 2 3 4 5 6 |  6.5
Stealth        | |  0.3

Action                   |  1- 3 |  4- 6 |  7- 9 | 10-12 || total
-------------------------+-------+-------+-------+-------++-------
Melee: Hand axe          |    85 |    38 |       |       ||   123
       Headbutt          |    14 |    15 |    51 |    31 ||   111
       War axe           |       |    89 |   284 |   143 ||   516
       Executioner's axe |       |       |       |    46 ||    46
Throw: Tomahawk          |       |     1 |       |       ||     1
Invok: Berserk           |       |     3 |     3 |     4 ||    10
       Trog's Hand       |       |       |     2 |     2 ||     4
  Use: Scroll            |       |     3 |    12 |     2 ||    17
       Potion            |       |       |     1 |     3 ||     4
  Eat: Chunk             |     2 |     7 |    24 |     6 ||    39
       Fruit             |       |       |     2 |    11 ||    13
       Beef jerky        |       |       |       |     1 ||     1
Armor: Animal skin       |    11 |     1 |       |       ||    12
       Ring mail         |       |    31 |       |       ||    31
       Chain mail        |       |       |   162 |       ||   162
       Plate armour      |       |       |     2 |   155 ||   157
Dodge: Dodged            |    52 |    97 |   120 |    83 ||   352
Block: Buckler           |       |       |    24 |     8 ||    32
